 Dungeon Crawl Stone Soup version 0.27-a0-955-gb57c80000f (webtiles) character file.

Game seed: 10296120495365798130

34 Ijustatesigmund the Skirmisher (level 3, -1/29 HPs)
             Began as a Demonspawn Fighter on Apr 12, 2021.
             Slain by a kobold
             ... wielding a +0 whip
              (4 damage)
             ... on level 2 of the Dungeon.
             The game lasted 00:01:45 (1116 turns).

Ijustatesigmund the Skirmisher (Demonspawn Fighter) Turns: 1116, Time: 00:01:45

Health: -1/29      AC:  7    Str: 16    XL:     3   Next: 14%
Magic:  3/3        EV:  7    Int:  9    God:
Gold:   49         SH:  8    Dex: 13    Spells: 2/2 levels left

rFire    . . .     SeeInvis .   a - +0 war axe
rCold    . . .     Faith    .   c - +0 kite shield
rNeg     . . .     Spirit   .   b - +0 scale mail
rPois    .         Reflect  .   k - +0 helmet
rElec    .         Harm     .   (no cloak)
rCorr    .         Rampage  .   (no gloves)
Will     .....                  (no boots)
Stlth    ..........             (no amulet)
HPRegen  0.09/turn              (no ring)
MPRegen  0.08/turn              (no ring)

@: no status effects
A: claws 1, demonic magic 1
a: no special abilities


You were on level 2 of the Dungeon.
You visited 1 branch of the dungeon, and saw 2 of its levels.

You collected 49 gold pieces.

Inventory:

Hand Weapons
 a - a +0 war axe (weapon)
Missiles
 g - a throwing net (quivered)
Armour
 b - a +0 scale mail (worn)
 c - a +0 kite shield (worn)
 k - a +0 helmet (worn)
Potions
 d - a potion of might
 e - 2 potions of curing {unknown}
 f - 2 potions of haste {unknown}
 h - a potion of flight {unknown}
 i - a potion of heal wounds {unknown}
 j - a potion of invisibility {unknown}
 l - a potion of mutation {unknown}


   Skills:
 + Level 3.3 Fighting
 * Level 2.6 Axes
 - Level 2.6 Armour
 + Level 1.0 Dodging
 - Level 2.6 Shields


You had 2 spell levels left.
You didn't know any spells.
Your spell library contained the following spells:

 Spells                   Type           Power      Damage    Failure   Level
 Magic Dart               Conj           0%         1d3       100%        1
 Blink                    Tloc           N/A        N/A       100%        2
 Call Imp                 Summ           0%         N/A       100%        2
 Slow                     Hex            0%         N/A       100%        2
 Conjure Flame            Conj/Fire      0%         6-21      100%        3
 Mephitic Cloud           Conj/Pois/Air  0%         N/A       100%        3


Dungeon Overview and Level Annotations

Branches:
Dungeon (2/15)

Altars:


Innate Abilities, Weirdness & Mutations

You have sharp fingernails.
Spells you cast may paralyse adjacent enemies.


Message History

You are too injured to fight recklessly!
You are too injured to fight recklessly!
You are too injured to fight recklessly!
You are too injured to fight recklessly!
You are too injured to fight recklessly!
You are too injured to fight recklessly!
You are too injured to fight recklessly!
You are too injured to fight recklessly!
You are too injured to fight recklessly!
You are too injured to fight recklessly!
You hit the kobold but do no damage.
The kobold is moderately wounded.
The kobold completely misses you.
Your shield and scale mail prevent you from hitting the kobold.
The kobold is moderately wounded.
The kobold hits you with a +0 whip.
* * * LOW HITPOINT WARNING * * *
The kobold hits you but does no damage.
You hit the kobold but do no damage.
The kobold is moderately wounded.
You block the kobold's attack. You block the endoplasm's attack.
The kobold hits you but does no damage.
You barely miss the kobold.
The kobold is moderately wounded.
You barely miss the endoplasm. The endoplasm freezes you.
You are frozen.
* * * LOW HITPOINT WARNING * * *
The kobold barely misses you.
The endoplasm hits you but does no damage.
You slash the endoplasm!
You kill the endoplasm!
You hit the kobold. You block the kobold's attack.
The kobold hits you with a +0 whip.
* * * LOW HITPOINT WARNING * * *
You see here an adder corpse.
You barely miss the kobold.
The kobold is heavily wounded.
The kobold hits you with a +0 whip.
You die...

##..# #.#.#...##.....
..#.# #.#.###........#
..#.# #.#.#...#####...
..#.#####.#...#...###...
..#...................##
.....####.....##........
..#..# #....###.).##.##
.......#..#..# #K#.# #
..#..........# #@#.#
..##....#....# #.#?.
###..##....... ......
.######..#.##.##... ..#
#.# .## . #.


You could see a kobold.

Vanquished Creatures
  An adder (D:2)
  2 ball pythons (D:1)
  2 bats (D:1)
  5 endoplasms
  A giant cockroach (D:1)
  3 goblins
  3 hobgoblins
  A kobold (D:1)
  2 frilled lizards
  3 rats (D:1)
23 creatures vanquished.

Notes
Turn   | Place    | Note
-------+----------+-------------------------------------------
     0 | D:1      | Ijustatesigmund the Demonspawn Fighter began the quest for
                  | the Orb.
     0 | D:1      | Reached XP level 1. HP: 18/18 MP: 1/1
   305 | D:1      | Found a faded altar of an unknown god.
   351 | D:1      | Gained mutation: Spells you cast may paralyse adjacent
                  | enemies. [demonic ancestry]
   351 | D:1      | Reached XP level 2. HP: 23/24 MP: 2/2
  1110 | D:2      | Reached skill level 1 in Dodging
  1110 | D:2      | Gained mutation: You have sharp fingernails. [demonic
                  | ancestry]
  1110 | D:2      | Reached XP level 3. HP: 12/29 MP: 3/3
  1116 | D:2      | Slain by a kobold

Illustrated notes

Levels and vault maps discovered:
D:1:      onia_arrival_pyramid, layout_basic, ebering_ecumenical_altar_box
D:2:      layout_rooms, serial_bayou_pond_d

Skill      XL: |  1  2 |
---------------+-------+-----
Axes           | 2 |  2.6
Dodging        | 1 |  1.0
Fighting       | |  3.3
Armour         | |  2.6
Shields        | |  2.6

Action                   || total
-------------------------++-------
Melee: War axe           ||    74
Armor: Scale mail        ||    51
Dodge: Dodged            ||    29
Block: Kite shield       ||    50

Table legend: (Time is in decaauts)
 A = Elapsed time spent in this place.
 B = Non-inter-level travel time spent in this place.
 C = Inter-level travel time spent in this place.
 D = Time resting spent in this place.
 E = Time spent auto-exploring this place.
 F = Levels seen in this place.
 G = Mean time per level.
                   A        B        C        D        E       F      G
               +--------+--------+--------+--------+--------+-----+--------+
         Total |   1163 |   1155 |      8 |    230 |    734 |   2 |  581.5 |
       Dungeon |   1163 |   1155 |      8 |    230 |    734 |   2 |  581.5 |
               +--------+--------+--------+--------+--------+-----+--------+

Top non-repeatable levels by time:
     D:1: 1052 daAuts
     D:2: 110 daAuts
